 Dungeon Crawl Stone Soup version 0.28.0 (webtiles) character file.

Game seed: 934769951706083357

151 386 the Skirmisher (level 5, -7/57 HPs)
             Began as an Ogre Fighter on Feb 17, 2022.
             Mangled by a bullfrog (8 damage)
             ... on level 3 of the Dungeon.
             The game lasted 00:12:32 (3406 turns).

386 the Skirmisher (Ogre Fighter)                   Turns: 3406, Time: 00:12:33

Health: -7/57      AC:  3    Str: 20    XL:     5   Next: 33%
Magic:  5/5        EV:  9    Int:  9    God:
Gold:   87         SH:  7    Dex: 10    Spells: 4/4 levels left

rFire   . . .      SeeInvis .   a - +0 flail
rCold   . . .      Faith    .   c - +0 kite shield
rNeg    . . .      Spirit   .   b - +0 robe
rPois   .          Reflect  .   (helmet restricted)
rElec   .          Harm     .   (no cloak)
rCorr   .          Rampage  .   (gloves unavailable)
Will    .....                   (boots unavailable)
Stlth   +.........              (no amulet)
HPRegen 0.19/turn               (no ring)
MPRegen 0.09/turn               (no ring)

@: attractive
A: large, unfitting armour, tough skin 1
a: no special abilities


You were on level 3 of the Dungeon.
You visited 1 branch of the dungeon, and saw 3 of its levels.

You collected 87 gold pieces.

Inventory:

Hand Weapons
 a - a +0 flail (weapon)
Missiles
 f - 100 stones (quivered)
Armour
 b - a +0 robe (worn)
 c - a +0 kite shield (worn)
Jewellery
 q - a ring of positive energy
Scrolls
 e - a scroll of noise {unknown}
 g - a scroll of amnesia {unknown}
 h - a scroll of fog {unknown}
 i - a scroll of teleportation {unknown}
 j - a scroll of enchant weapon {unknown}
 m - a scroll of blinking {unknown}
 p - a scroll of summoning {unknown}
 r - a scroll of silence {unknown}
Potions
 d - a potion of might
 k - 2 potions of attraction
 l - a potion of flight {unknown}
 n - a potion of magic {unknown}
 o - a potion of ambrosia {unknown}
 s - 2 potions of heal wounds {unknown}


   Skills:
 + Level 5.3 Fighting
 + Level 2.9 Maces & Flails
 + Level 1.7 Throwing
 + Level 3.5 Dodging
 - Level 2.6 Shields


You had 4 spell levels left.
You didn't know any spells.
Your spell library contained the following spells:

 Spells                   Type           Power      Damage    Failure   Level
 Beastly Appendage        Tmut           0%         N/A       69%         1
 Wereblood                Tmut           0%         N/A       83%         2
 Spider Form              Tmut/Pois      0%         N/A       96%         3


Dungeon Overview and Level Annotations

Branches:
Dungeon (3/15)

Altars:

Shops:
D:3 ?


Innate Abilities, Weirdness & Mutations

You are too large for most types of armour.
You have tough skin. (AC +1)


Message History

You hit the bullfrog but do no damage.
The bullfrog is moderately wounded.
The bullfrog completely misses you. You block the bullfrog's attack.
You closely miss the bullfrog.
The bullfrog is moderately wounded.
The bullfrog hits you. You block the bullfrog's attack.
You miss the bullfrog.
The bullfrog is moderately wounded.
The bullfrog hits you! The bullfrog hits you. You block the bullfrog's attack.
You are too injured to fight recklessly!
It was a potion of attraction.
You feel attractive to monsters. The bullfrog hits you.
* * * LOW HITPOINT WARNING * * *
You barely miss the bullfrog.
The bullfrog is moderately wounded.
The bullfrog hits you.
* * * LOW HITPOINT WARNING * * *
The bullfrog closely misses you.
You hit the bullfrog.
The bullfrog is heavily wounded.
You block the bullfrog's attack. The bullfrog hits you.
* * * LOW HITPOINT WARNING * * *
You hit the bullfrog.
The bullfrog is heavily wounded.
The bullfrog hits you.
* * * LOW HITPOINT WARNING * * *
The bullfrog hits you.
* * * LOW HITPOINT WARNING * * *
You hit the bullfrog.
The bullfrog is severely wounded.
You block the bullfrog's attack. The bullfrog closely misses you.
Throw: 100 stones
Press: ? - help, Q - select action Shift-Dir - straight line, f/p - bullfrog
Aim: a bullfrog (severely wounded, 50% to hit)
Okay, then.
You closely miss the bullfrog.
The bullfrog is severely wounded.
The bullfrog hits you!
You die...

......##.###....#
#.######.......##
#.# #####.### #.#
###.##### #.#
#.......# ## #.#
#.#.###.# .. #.#
#.#.###.##.###.
..# #
#............ ###
#####@##.#.<.
#.....F.#
######### #..##
##≈.≈## #≈≈.≈≈#
≈≈∩≈≈ ≈≈≈≈ #


You could see a bullfrog.

Vanquished Creatures
  Natasha (twice) (D:3)
  Robin (D:2)
  An adder (D:2)
  2 worms
  3 dart slugs (D:2)
  An orc (D:3)
  4 ball pythons
  2 endoplasms (D:1)
  2 giant cockroaches
  16 goblins
  10 hobgoblins
  2 jackals (D:1)
  9 kobolds
  2 quokkas
  6 bats
  A frilled lizard (D:1)
  3 rats
67 creatures vanquished.

Notes
Turn   | Place    | Note
-------+----------+-------------------------------------------
     0 | D:1      | 386 the Ogre Fighter began the quest for the Orb.
     0 | D:1      | Reached XP level 1. HP: 24/24 MP: 1/1
    94 | D:1      | Reached XP level 2. HP: 29/32 MP: 2/2
   539 | D:1      | Reached XP level 3. HP: 35/40 MP: 3/3
  1385 | D:2      | Found a faded altar of an unknown god.
  1570 | D:2      | Reached XP level 4. HP: 45/49 MP: 4/4
  1598 | D:2      | Identified the +0 helmet of the Camelopard {*Slow Will++
                  | Int+4}
  1598 | D:2      | Noticed Robin
  1625 | D:2      | Killed Robin
  1626 | D:2      | Reached skill level 1 in Throwing
  2139 | D:2      | Reached skill level 5 in Fighting
  2780 | D:3      | Noticed Natasha
  2791 | D:3      | Killed Natasha
  2792 | D:3      | Reached XP level 5. HP: 46/57 MP: 5/5
  3033 | D:3      | Found Ciocute's Magic Scroll Boutique.
  3271 | D:3      | Noticed Natasha
  3287 | D:3      | Killed Natasha
  3404 | D:3      | HP: 1/57 [bullfrog (4)]
  3406 | D:3      | Mangled by a bullfrog

Illustrated notes

Levels and vault maps discovered:
D:1:      arrival_zaba_pyramid, layout_loops_corners, serial_rivers,
          chequers_serial_rivers_large_b, chequers_serial_rivers_micro_d,
          chequers_serial_rivers_micro_c, chequers_serial_rivers_room_b
D:2:      layout_basic, ebering_ecumenical_altar_box, uniq_robin
D:3:      layout_loops_corners, serial_shops, nicolae_shop_waterfront,
          uniq_natasha

Skill      XL: |  1  2  3  4 |
---------------+-------------+-----
Maces & Flails | 2 |  2.9
Dodging        | 3 |  3.5
Throwing       | 1 |  1.7
Fighting       | 5 |  5.3
Shields        | |  2.6

Action                   |  1- 3 |  4- 6 || total
-------------------------+-------+-------++-------
Melee: Flail             |   109 |   102 ||   211
Throw: Stone             |    30 |    59 ||    89
  Use: Potion            |       |     1 ||     1
Armor: Robe              |    20 |    22 ||    42
Dodge: Dodged            |    45 |    30 ||    75
Block: Kite shield       |    49 |    40 ||    89
